 Seeded DCSS version 0.24.1-14-gf8d2b509d9 (webtiles) character file.

Game seed: 20220526, levelgen mode: deterministic

42 urmum the Shooter (level 3, 0/29 HPs)
             Began as a Centaur Hunter on May 26, 2022.
             Slain by an adder (3 damage)
             ... on level 3 of the Dungeon.
             The game lasted 00:16:17 (804 turns).

urmum the Shooter (Centaur Hunter)                   Turns: 804, Time: 00:16:18

Health: 0/29       AC:  8    Str: 20    XL:     3   Next: 35%
Magic:  3/3        EV:  8    Int: 10    God:
Gold:   40         SH:  0    Dex:  9    Spells: 2/2 levels left

rFire    . . .     SeeInvis .   a - +1 shortbow
rCold    + . .     Gourm    .   (shield currently unavailable)
rNeg     . . .     Faith    .   j - +2 scale mail {rC+}
rPois    .         Spirit   .   (no helmet)
rElec    .         Reflect  .   (no cloak)
rCorr    .         Harm     .   (no gloves)
MR       .....                  (no barding)
Stlth    ..........             (no amulet)
HPRegen  0.09/turn              (no ring)
MPRegen  0.08/turn              (no ring)

@: mighty, lethally poisoned (0 -> -3), very quick
A: large, hooves 3, deformed body, speed 2, tough skin 3
a: no special abilities


You were on level 3 of the Dungeon.
You were full.

You visited 1 branch of the dungeon, and saw 3 of its levels.

You collected 40 gold pieces.

Inventory:

Hand Weapons
 a - a +1 shortbow (weapon)
 b - a +0 short sword
Missiles
 d - 5 arrows (quivered)
 h - 5 sling bullets
Armour
 c - a +0 leather armour
 j - a +2 scale mail of cold resistance (worn)
Comestibles
 f - a ration
 i - a chunk of flesh


   Skills:
 + Level 2.0 Fighting
 + Level 6.8 Bows
 + Level 1.4 Dodging
 + Level 0.4 Stealth


You had 2 spell levels left.
You didn't know any spells.
Your spell library was empty.

Dungeon Overview and Level Annotations

Branches:
Dungeon (3/15)

Altars:


Innate Abilities, Weirdness & Mutations

You have hooves in place of feet.
Armour fits poorly on your strangely shaped body.
You cover ground very quickly.
You have extremely tough skin. (AC +3)


Message History

Firing (i - inventory)
d - 6 arrows (quivered)
Press: ? - help, Shift-Dir - straight line, f/p - adder
Aim: an adder You shoot an arrow.
The arrow hits the adder.
The adder is lightly wounded.
The adder closely misses you.
* * * LOW HITPOINT WARNING * * *
You feel sick. The hobgoblin completely misses you.
* * * LOW HITPOINT WARNING * * *
You feel sick.
It was a potion of might.
You feel very mighty all of a sudden. The adder closely misses you.
Your scale mail prevents you from hitting the adder.
Your kick misses the adder.
The adder is lightly wounded.
* * * LOW HITPOINT WARNING * * *
You feel sick. The adder misses you. The adder bites you.
You die...

(........# #.#.##.#....≈≈≈≈≈≈≈≈≈
.(.......###.#....#..#≈≈≈≈≈≈≈≈≈≈
..................#...≈≈≈≈≈≈≈≈≈≈
########.............≈≈≈≈≈≈#≈≈≈≈
#..........#.≈≈≈#≈#≈≈≈≈≈≈
#(.........#.≈≈≈#.≈≈...#≈
#..........#..#≈!.)..<.<.
#......g...##≈≈≈<..#.).≈≈
#......S@..##≈≈≈≈#≈≈≈≈≈≈≈
#..........###≈≈≈≈≈≈≈#≈≈≈
#..........###.≈≈#≈≈≈≈≈≈≈
#############.##≈≈≈≈≈÷≈≈≈
#####..##≈≈≈≈≈≈≈≈≈
#.....####)≈#≈≈≈≈≈
#....####.##≈≈.≈≈#
#..............###
#....########..#


You could see an adder and a hobgoblin.

Vanquished Creatures
  12 dart slugs
  A leopard gecko (D:3)
  2 goblins (D:1)
  A hobgoblin (D:1)
  A bat (D:3)
  A frilled lizard (D:1)
  A kobold (D:1)
  2 rats (D:1)
21 creatures vanquished.

Notes
Turn   | Place    | Note
-------+----------+-------------------------------------------
     0 | D:1      | urmum the Centaur Hunter began the quest for the Orb.
     0 | D:1      | Reached XP level 1. HP: 17/17 MP: 1/1
    99 | D:1      | Reached XP level 2. HP: 24/24 MP: 2/2
   175 | D:3      | Reached skill level 6 in Bows
   501 | D:3      | Reached XP level 3. HP: 29/29 MP: 3/3
   804 | D:3      | Slain by an adder

Levels and vault maps discovered:
D:1:      minmay_arrival_four_houses, layout_loops_ring, minmay_misc_feat_five,
          st_stairs_11
D:2:      layout_loops_ring, nicolae_overflow_hidden_temple, trog_butcher_becter
D:3:      kennysheep_slugbush, layout_basic, uniq_natasha

Skill      XL: |  1  2 |
---------------+-------+-----
Bows           | 6 |  6.8
Fighting       | |  2.0
Dodging        | |  1.4
Stealth        | |  0.4

Action                   || total
-------------------------++-------
Melee: Shortbow          ||    25
       Kick              ||     7
 Fire: Shortbow          ||    57
  Use: Potion            ||     2
  Eat: Ration            ||     1
Armor: Leather armour    ||    15
       Scale mail        ||    25
Dodge: Dodged            ||    42
